 Dungeon Crawl Stone Soup version 0.24.0-37-gcf1ca852f1 (webtiles) character file.

Game seed: 2971483678944061564, levelgen mode: deterministic

35394 Peloso the Peltast (level 13, -1/177 HPs)
             Began as a Minotaur Fighter on Dec 8, 2019.
             Was the Champion of Okawaru.
             Slain by a spriggan berserker
             ... wielding the +9 rapier "Bosa Zakkyco" {antimagic, Str+4 Dex+4}
              (9 damage)
             ... on level 2 of the Lair of Beasts.
             The game lasted 00:42:18 (13120 turns).

Peloso the Peltast (Minotaur Fighter)              Turns: 13120, Time: 00:42:18

Health: -1/177     AC: 22    Str: 28    XL:     13   Next: 47%
Magic:  1/13       EV: 10    Int:  7    God:    Okawaru [******]
Gold:   1687       SH: 16    Dex: 16    Spells: 12/12 levels left

rFire    . . .     SeeInvis .   a - +8 long sword "Ofeetiw" {elec, Int+2}
rCold    + . .     Gourm    .   c - +1 shield
rNeg     . . .     Faith    .   l - +0 plate armour
rPois    .         Spirit   .   P - +1 hat
rElec    .         Reflect  .   B - +1 cloak
rCorr    .         Harm     .   Y - +2 pair of gloves {Dex+3}
MR       .....                  (no boots)
Stlth    ..........             x - amulet of regeneration
HPRegen  0.79/turn              N - ring of protection from cold
MPRegen  0.13/turn              (no ring)

@: berserking, very quick
A: retaliatory headbutt, horns 2
a: Heroism, Finesse, Renounce Religion


You were on level 2 of the Lair of Beasts.
You worshipped Okawaru.
Okawaru was exalted by your worship.
You were hungry.

You visited 3 branches of the dungeon, and saw 19 of its levels.
You also visited: Ossuary and Ice Cave.

You collected 1915 gold pieces.
You spent 228 gold pieces at shops.

Inventory:

Hand Weapons
 a - the +8 long sword "Ofeetiw" (weapon) {elec, Int+2}
   (You found it on level 7 of the Dungeon)

   Occasionally, upon striking a foe, it will discharge some electrical energy
   and cause terrible harm.
   It affects your intelligence (+2).
 b - a +2 scimitar of flaming
 m - the +1 double sword of Freehold {drain, +Blink}
   (Okawaru gifted it to you on level 2 of the Lair of Beasts)

   A truly terrible weapon, it drains the life of those it strikes.
   It lets you blink.
Armour
 c - a +1 shield (worn)
 l - a +0 plate armour (worn)
 B - a +1 cloak (worn)
 P - a +1 hat (worn)
 Y - a +2 pair of gloves of dexterity (worn)
Jewellery
 g - an uncursed ring of ice
 t - an uncursed ring of protection from magic
 x - an amulet of regeneration (around neck)
 N - a ring of protection from cold (left hand)
 Z - an uncursed ring of flight
Scrolls
 e - a scroll of enchant armour
 h - 13 scrolls of teleportation
 i - 2 scrolls of identify
 n - 2 scrolls of blinking {unknown}
 o - 3 scrolls of fog
 r - 3 scrolls of magic mapping
 v - 2 scrolls of noise
 F - 4 scrolls of remove curse
Potions
 d - 2 potions of might
 s - 10 potions of curing
 u - 4 potions of flight
 w - a potion of haste
 E - 2 potions of agility
Comestibles
 f - 46 rations
 k - 2 chunks of flesh


   Skills:
 + Level 12.2 Fighting
 + Level 14.9 Long Blades
 + Level 11.8 Armour
 + Level 3.8 Dodging
 + Level 1.7 Stealth
 + Level 15.3 Shields
 + Level 1.3 Invocations


You had 12 spell levels left.
You didn't know any spells.
Your spell library contained the following spells:

 Spells                   Type           Power        Failure   Level  Hunger
 Animate Skeleton         Necr           N/A          98%         1    ##.....
 Confusing Touch          Hex            #.....       98%         1    ##.....
 Pain                     Necr           #...         98%         1    ##.....
 Confuse                  Hex            #.......     100%        3    ####...
 Gell's Gravitas          Tloc           #.........   100%        3    ####...
 Regeneration             Chrm/Necr      #.........   100%        3    ####...
 Vampiric Draining        Necr           #.........   100%        3    ####...
 Animate Dead             Necr           N/A          100%        4    #####..
 Petrify                  Tmut/Erth      #.......     100%        4    #####..
 Metabolic Englaciation   Hex/Ice        #.........   100%        5    ######.
 Yara's Violent Unravell  Hex/Tmut       #.........   100%        5    ######.


Dungeon Overview and Level Annotations

Branches:
Dungeon (14/15)            Temple (1/1) D:7            Lair (4/6) D:10
    Orc (0/2) D:11        Ossuary (visited)           IceCv (visited)
  Swamp: Lair:2-4    Shoals: Lair:2-4     Snake: Lair:2-4    Spider: Lair:2-4
 Vaults: D:13-14

Altars:
Ashenzari
Cheibriados
Dithmenos
Elyvilon
Fedhas
Gozag
Hepliaklqana
Kikubaaqudgha
Makhleb
Nemelex Xobeh
Okawaru
Qazlal
Ru
Sif Muna
Trog
Uskayaw
Vehumet
Wu Jian
Xom
Yredelemnul
Zin
The Shining One

Shops:
D:4 [(   D:8 }   D:10 [}*(*   D:11 (   D:12 [


Innate Abilities, Weirdness & Mutations

You reflexively headbutt those who attack you in melee.
You have a pair of horns on your head.


Message History

The spriggan berserker goes berserk!
The elephant rages.
You slice the spriggan berserker!!
The spriggan berserker is moderately wounded.
The spriggan rages.
You block the spriggan berserker's attack.
You block the polar bear's attack. x2
The polar bear claws you but does no damage.
Unknown command.
The spriggan berserker blocks your attack.
Your headbutt misses the spriggan berserker.
The spriggan berserker is moderately wounded.
Unknown command.
You closely miss the spriggan berserker.
Your headbutt misses the spriggan berserker.
The spriggan berserker is moderately wounded.
You block the polar bear's attack.
The polar bear claws you but does no damage. x2
The spriggan berserker hits you with the +9 rapier "Bosa Zakkyco" {antimagic, Str+4 Dex+4}!
You die...

#..#....#.##..###.
##................
#....#####.......
###..###.§)###.....
#...##....#.###.##.
##).#.)..####.#..#.
##.##....#≈##.##...
###..#Yi...$$....#...
#P..@#i...._.....#©..
##.ih#..#≈..!##..#...
#.#.######.#§#.##.P.
#....# .#####....
#.##.## i.# ##....
#.##..###...###..#P.
#.......#####...##P<
####................
#............###P


You could see an elephant (berserk), a spriggan rider, a spriggan berserker
(berserk), a polar bear (berserk) and a spriggan (berserk).

Vanquished Creatures
  Kirke (D:13)
  The ghost of Ciovowug the Fighter, a journeyman DrTm of Ashenzari (Lair:2)
  Fannar (Lair:2)
  Harold (D:7)
  Erolcha (D:11)
  2 ice dragons (IceCv)
  3 hydras
  A death knight (D:13)
  A centaur warrior (D:13)
  A two-headed ogre (D:9)
  Pikel (D:5)
  A manticore (D:11)
  A moth of wrath (Lair:2)
  An oklob plant (Lair:1)
  2 ice statues (IceCv)
  A black mamba (Lair:1)
  Maurice (D:11)
  A gargoyle (D:13)
  4 komodo dragons
  5 rime drakes
  An efreet (D:14)
  2 freezing wraiths (D:13)
  A queen bee (Lair:1)
  2 trolls
  A polar bear (Lair:2)
  A hornet (D:12)
  8 hippogriffs
  A raiju (shapeshifter) (D:13)
  3 slime creatures (D:12)
  2 spriggans (Lair:2)
  20 yaks
  2 vampires
  2 wraiths
  A wyvern (D:10)
  3 basilisks
  The ghost of NeAGen181 the Grave Robber, an amateur DDNe (D:6)
  A steam dragon (D:10)
  2 hungry ghosts
  3 soldier ants
  2 water moccasins (Lair:2)
  Duvessa (D:6)
  3 porcupines
  An eye of draining (shapeshifter) (D:13)
  18 ice beasts
  4 orc warriors
  4 black bears
  4 ogres
  5 phantoms
  9 wolves
  5 centaurs
  3 crocodiles
  A big kobold (D:10)
  Blork the orc (D:5)
  13 bullfrogs
  A wyvern zombie (D:13)
  7 scorpions
  Dowan (D:6)
  A water moccasin skeleton (D:5)
  2 troll zombies (D:11)
  29 killer bees
  4 wights (D:7)
  4 howler monkeys
  5 crimson imps
  4 bullfrog zombies
  2 bullfrog skeletons
  10 orc priests
  Crazy Yiuf (D:6)
  4 hounds
  5 jellies
  11 orc wizards
  3 centaur skeletons
  4 iguanas
  10 worker ants
  4 ogre zombies (D:11)
  A hound zombie (D:9)
  3 hound skeletons
  A howler monkey zombie (D:5)
  4 mummies
  A worker ant zombie (D:5)
  14 adders
  3 gnolls (D:8)
  2 shadow imps
  2 oozes
  2 adder skeletons
  An adder zombie (D:9)
  6 worms
  4 dart slugs
  4 leopard geckos
  53 orcs
  7 bats
  2 bat zombies (D:9)
  7 giant cockroaches
  A gnoll zombie (Ossuary)
  4 hobgoblins
  4 jackals
  10 kobolds
  3 quokkas
  2 ball pythons
  3 frilled lizards
  3 goblins
  2 goblin skeletons (D:11)
  5 goblin zombies
  3 hobgoblin skeletons (D:11)
  5 hobgoblin zombies
  A jackal zombie (D:7)
  2 kobold zombies
  3 orc skeletons (D:11)
  8 orc zombies
  A quokka skeleton (D:6)
  3 rats
  A rat zombie (D:9)
455 creatures vanquished.

Vanquished Creatures (others)
  2 humans (D:13)
  A slave (D:6)
  A bullfrog (D:6)
  An orc wizard (D:5)
  A hound zombie (D:6)
  A plant (Lair:1)
7 creatures vanquished.

Grand Total: 462 creatures vanquished

Notes
Turn   | Place    | Note
-------+----------+-------------------------------------------
     0 | D:1      | Peloso the Minotaur Fighter began the quest for the Orb.
     0 | D:1      | Reached XP level 1. HP: 19/19 MP: 0/0
    80 | D:1      | Reached XP level 2. HP: 25/27 MP: 1/1
   136 | D:1      | Reached skill level 4 in Shields
   394 | D:1      | Reached XP level 3. HP: 33/33 MP: 2/2
   676 | D:2      | Found a bloodstained altar of Trog.
   770 | D:2      | Found a hazy altar of Hepliaklqana.
   828 | D:2      | Reached XP level 4. HP: 36/40 MP: 3/3
   873 | D:2      | Found a blossoming altar of Fedhas.
   893 | D:2      | Found a stormy altar of Qazlal.
  1371 | D:3      | Found a bloodstained altar of Trog.
  1773 | D:3      | Found a sparkling altar of Nemelex Xobeh.
  1784 | D:3      | Reached XP level 5. HP: 45/47 MP: 4/4
  1982 | D:4      | Found Qumiej's Armour Emporium.
  2008 | D:4      | Reached skill level 5 in Shields
  2192 | D:4      | Found Ovimit's Book Shop.
  2236 | D:4      | Found a sparkling altar of Nemelex Xobeh.
  2291 | D:4      | Found Lodghe's Weapon Shop.
  2325 | D:4      | Found a hide-covered altar of Uskayaw.
  2559 | D:5      | Entered Level 5 of the Dungeon
  2559 | D:5      | Noticed an ogre
  2564 | D:5      | Noticed Blork the orc
  2722 | D:4      | Killed an ogre
  2722 | D:4      | Reached skill level 5 in Long Blades
  2722 | D:4      | Reached skill level 5 in Armour
  2722 | D:4      | Reached XP level 6. HP: 52/53 MP: 5/5
  2782 | D:5      | Killed Blork the orc
  2782 | D:5      | Reached skill level 6 in Shields
  2882 | D:5      | Identified the +1 ring mail "Aczud" {Regen+ rCorr SInv}
  2913 | D:5      | Reached XP level 7. HP: 38/60 MP: 6/6
  2965 | D:5      | Reached skill level 5 in Fighting
  3159 | D:5      | Reached skill level 7 in Shields
  3256 | D:5      | Found a glowing golden altar of the Shining One.
  3439 | D:5      | Found a sacrificial altar of Ru.
  3457 | D:6      | Noticed Pikel
  3507 | D:5      | Killed Pikel
  3507 | D:5      | Reached skill level 1 in Dodging
  3507 | D:5      | Reached XP level 8. HP: 62/69 MP: 7/7
  3550 | D:6      | Found a transporter.
  3553 | D:6      | Noticed NeAGen181's ghost (amateur DDNe)
  3599 | D:6      | Reached skill level 8 in Shields
  3600 | D:6      | Found a snail-covered altar of Cheibriados.
  3615 | D:6      | Found a transporter.
  3785 | D:6      | Noticed Dowan
  3785 | D:6      | Noticed Duvessa
  3808 | D:6      | Killed Duvessa
  3826 | D:6      | Killed Dowan
  3847 | D:6      | Found an opulent altar of Gozag.
  3911 | D:6      | Found a runed translucent door.
  3912 | D:6      | Noticed Crazy Yiuf
  3996 | D:6      | Found a shimmering altar of Xom.
  4057 | D:6      | Found a burning altar of Makhleb.
  4057 | D:6      | Found a shimmering altar of Xom.
  4059 | D:6      | Found an opulent altar of Gozag.
  4059 | D:6      | Found a shadowy altar of Dithmenos.
  4059 | D:6      | Found an opulent altar of Gozag.
  4421 | D:6      | Killed Crazy Yiuf
  4421 | D:6      | Reached XP level 9. HP: 67/78 MP: 8/8
  4477 | D:7      | Got an iridescent long sword
  4478 | D:7      | Identified the +8 long sword "Ofeetiw" {elec, Int+2} (You
                  | found it on level 7 of the Dungeon)
  4483 | D:7      | Found a sand-covered staircase.
  4488 | Ossuary  | Entered an ossuary
  4945 | D:7      | Found a staircase to the Ecumenical Temple.
  4957 | Temple   | Entered the Ecumenical Temple
  5003 | Temple   | Became a worshipper of Warmaster Okawaru
  5193 | D:7      | Noticed Harold
  5202 | D:7      | Killed Harold
  5202 | D:7      | Reached skill level 10 in Long Blades
  5202 | D:7      | Reached skill level 1 in Stealth
  5202 | D:7      | Reached skill level 9 in Shields
  5289 | D:8      | Found Inusut's Gadget Shop.
  5465 | D:8      | Reached * piety under Okawaru
  5502 | D:8      | Reached XP level 10. HP: 70/86 MP: 9/9
  5874 | D:8      | Found a radiant altar of Vehumet.
  6122 | D:9      | Reached ** piety under Okawaru
  6129 | D:9      | Reached skill level 10 in Shields
  6189 | D:9      | Found a white marble altar of Elyvilon.
  6247 | D:9      | Found an ancient bone altar of Kikubaaqudgha.
  6280 | D:9      | Noticed a two-headed ogre
  6293 | D:9      | Killed a two-headed ogre
  6293 | D:9      | Reached *** piety under Okawaru
  6760 | D:9      | Reached **** piety under Okawaru
  6781 | D:9      | Reached XP level 11. HP: 91/97 MP: 10/10
  7014 | D:6      | Killed NeAGen181's ghost
  7157 | D:10     | Entered Level 10 of the Dungeon
  7226 | D:10     | Found Aluaxagh's Gadget Shop.
  7253 | D:10     | Found Xieludeo's Antique Armour Boutique.
  7266 | D:10     | Found Muguja Moux's General Store.
  7272 | D:10     | Found Yhuhi's Antique Weapon Shop.
  7304 | D:10     | Bought a runed falchion for 228 gold pieces
  7329 | D:10     | Found an ancient bone altar of Kikubaaqudgha.
  7407 | D:10     | Found Juop's Assorted Antiques.
  7415 | D:10     | Reached skill level 11 in Shields
  7566 | D:10     | Found a staircase to the Lair.
  7770 | D:11     | You fall into a shaft and drop 3 floors!
  7985 | D:13     | Noticed a centaur warrior
  7996 | D:13     | Killed a centaur warrior
  7996 | D:13     | Reached ***** piety under Okawaru
  7996 | D:13     | Received a gift from Okawaru
  8009 | D:13     | Got a colourful robe {god gift}
  8062 | D:13     | Reached skill level 12 in Shields
  8117 | D:13     | Noticed a death knight
  8130 | D:13     | Reached skill level 10 in Armour
  8142 | D:13     | Killed a death knight
  8168 | D:13     | Reached skill level 10 in Fighting
  8191 | D:13     | Found a frozen archway.
  8191 | D:13     | Noticed Kirke
  8202 | D:13     | Killed Kirke
  8202 | D:13     | Received a gift from Okawaru
  8202 | D:13     | Reached XP level 12. HP: 37/106 MP: 11/11
  8205 | D:13     | Got a brightly glowing great sword {god gift}
  8232 | D:13     | Identified the +1 robe "Zazxota" {*Corrode rPois Str+3
                  | Dex+3} (Okawaru gifted it to you on level 13 of the
                  | Dungeon)
  8268 | IceCv    | Entered an ice cave
  8282 | IceCv    | Reached skill level 13 in Shields
  8771 | IceCv    | Noticed an ice dragon
  8771 | IceCv    | Noticed an ice dragon
  8790 | IceCv    | Killed an ice dragon
  8867 | IceCv    | Killed an ice dragon
  9339 | D:11     | Found a staircase to the Orcish Mines.
  9545 | D:11     | Reached skill level 1 in Invocations
  9545 | D:11     | Noticed Maurice
  9561 | D:11     | Killed Maurice
  9673 | D:11     | Found Nyn Odae's Weapon Boutique.
  9716 | D:11     | Noticed Erolcha
  9723 | D:11     | Killed Erolcha
 10144 | D:12     | Reached skill level 14 in Shields
 10157 | D:12     | Reached ****** piety under Okawaru
 10157 | D:12     | Received a gift from Okawaru
 10220 | D:12     | Noticed a seven-headed hydra
 10229 | D:12     | Killed a three-headed hydra
 10362 | D:12     | Found Arixynorch's Armour Boutique.
 10843 | Lair:1   | Entered Level 1 of the Lair of Beasts
 11481 | Lair:1   | Reached XP level 13. HP: 116/116 MP: 13/13
 11816 | Lair:1   | Found a blossoming altar of Fedhas.
 12132 | Lair:1   | Identified the +1 great sword "Gekkenn" {slice, rF+ Str+4}
                  | (Okawaru gifted it to you on level 13 of the Dungeon)
 12207 | Lair:1   | Identified a scroll of acquirement
 12273 | Lair:2   | Found a transporter.
 12277 | Lair:2   | Noticed Ciovowug's ghost (journeyman DrTm)
 12285 | Lair:2   | Found a bloodstained altar of Trog.
 12494 | Lair:2   | You fall into a shaft and drop 2 floors!
 12640 | Lair:2   | Found a transporter.
 12641 | Lair:2   | Identified the +2 spear of the Final Hells {chaos, MR+
                  | Str+2}
 12650 | Lair:2   | Noticed Fannar
 12677 | Lair:2   | Identified the +9 rapier "Bosa Zakkyco" {antimagic, Str+4
                  | Dex+4}
 12679 | Lair:2   | Killed Fannar
 12679 | Lair:2   | Reached skill level 15 in Shields
 12768 | Lair:2   | Received a gift from Okawaru
 12773 | Lair:2   | Got an ancient double sword {god gift}
 12774 | Lair:2   | Identified the +1 double sword of Freehold {drain, +Blink}
                  | (Okawaru gifted it to you on level 2 of the Lair of Beasts)
 13093 | Lair:2   | Killed Ciovowug's ghost
 13117 | Lair:2   | HP: 7/177 [polar bear[a spriggan berserker] (6)]
 13120 | Lair:2   | Slain by a spriggan berserker

Levels and vault maps discovered:
D:1:      psy_arrival_terrarium, layout_loops_ring, minmay_tall_x
D:2:      layout_rooms, grunt_temple_overflow_forces_of_nature,
          marbit_many_paths, trog_three_pillars_becter
D:3:      layout_basic, overflow_temple_1_default,
          nemelex_xobeh_ov_fountains_minmay, first_ration, grunt_ministairs_6
D:4:      layout_cave_pools, eat_drink_and_be_merry_uskayaw, serial_shops, shop,
          shop, shop_statue, nemelex_diamond_rough_becter
D:5:      layout_rooms, kennysheep_mini_moat, lemuel_doored_altar, serial_bayou,
          serial_bayou_shore_a, serial_bayou_shore_b, serial_bayou_pond_e,
          serial_bayou_pond_c, uniq_blork_the_orc
D:6:      minmay_diamond_boxcup, layout_gridville, lemuel_crystal_altar,
          doesnt_xom_only_xom, basic_altar, gammafunk_ghost_arena,
          lemuel_old_faithful, uniq_crazy_yiuf_cottage, uniq_duvessa, uniq_pikel
D:7:      layout_gridville, temple_fountains, nicolae_ossuary_entry_giza,
          uniq_harold
D:8:      layout_basic, nicolae_overflow_crystal_walls, serial_shops,
          shop_fountains
D:9:      layout_loops_ring, lemuel_zombie_altar_kikubaaqudgha,
          lemuel_crystal_altar
D:10:     layout_basic, erik_lair_dragon, basic_altar, serial_shops,
          nicolae_shop_stone, shop_fountains, nicolae_shop_overgrown_old_shop,
          nicolae_shop_waterfront, nicolae_shop_window_shopping
D:11:     layout_long_grid, zombieorc1_lemuel, serial_shops, shop, uniq_maurice,
          uniq_erolcha
D:12:     layout_irregular_city, serial_shops, shop, hangedman_pestilent_swarm,
          hangedman_abyss_or_decor_lesser_grid, hangedman_abyss_or_decor_stagger
D:13:     layout_rooms, portal_ice_cave_rime, drop_trap, lemuel_flamethrower_3,
          uniq_kirke
D:14:     layout_long_grid, david_vaults_1, serial_park_gazebo
          [serial_park_minivault_5x5_8], kennysheep_dice
Temple:   kb_temple_of_zot
Lair:1:   layout_gridlike, special_room [special_room_bee],
          chequers_serial_rivers_small_3, lemuel_oklob_altar
Lair:2:   layout_gridlike, gammafunk_ghost_wrathful_warriors, uniq_fannar
Lair:3:   layout_chaotic_city, minmay_snake_entry_guardpost_large,
          grunt_megastairs_1
Lair:4:   layout_regular_city, elwin_shoals_entry_rooms, serial_bayou_shore_b,
          infiniplex_staircase_pool

Skill      XL: |  1  2  3  4  5  6  7  8  9 10 11 12 13 |
---------------+----------------------------------------+-----
Shields        | 4 5 6 7 8 9 10 12 14 15 | 15.3
Fighting       | 4 5 6 7 9 10 11 12 | 12.2
Long Blades    | 3 4 5 7 8 10 12 13 14 | 14.9
Armour         | 4 5 6 8 9 10 11 | 11.8
Dodging        | 1 2 3 |  3.8
Stealth        | 1 |  1.7
Invocations    | 1 |  1.3

Action                   |  1- 3 |  4- 6 |  7- 9 | 10-12 | 13-15 || total
-------------------------+-------+-------+-------+-------+-------++-------
Melee: Long sword        |    93 |   177 |   105 |   680 |   155 ||  1210
       Headbutt          |    11 |    36 |    61 |   164 |    39 ||   311
       Falchion          |       |    89 |   237 |       |       ||   326
       Scimitar          |       |       |       |     6 |     5 ||    11
Invok: Heroism           |       |       |       |     2 |       ||     2
       Finesse           |       |       |       |     1 |       ||     1
  Use: Scroll            |       |     9 |     4 |    10 |     3 ||    26
       Potion            |       |     4 |       |     1 |     1 ||     6
  Eat: Chunk             |       |     7 |     6 |    17 |     4 ||    34
       Ration            |       |       |     1 |     1 |       ||     2
Armor: Scale mail        |    35 |       |       |       |       ||    35
       Plate armour      |    41 |   146 |   156 |   264 |   104 ||   711
       Ice dragon scales |       |       |       |     9 |       ||     9
Dodge: Dodged            |    25 |    55 |    47 |   134 |    54 ||   315
Block: Shield            |    59 |   173 |   193 |   450 |   151 ||  1026
       Rpst.: Long sword |     6 |     7 |     2 |    37 |    14 ||    66
       Falchion          |       |     7 |     9 |       |       ||    16
       Scimitar          |       |       |       |       |     1 ||     1
